AoeStats
← Bibzi

MegaRandom

507961788Analyzed
2v2 RM · 13d ago on Sep 20, 2026· 14m 37s· 4 players
Game mode
Random Map
Map size
Medium (4 player)
Population
200
Speed
Normal
Resources
Standard
Victory
Conquest
Starting age
Dark Age
Ending age
Imperial Age
RankedLock teamsTeams togetherTeam positionsShared explorationLock speedFull tech treeHidden civsTurbo modeCheats
Victory
Defeat
🇩🇪 Persians · Germany
866
+17
🇧🇪 Maya · Belgium
824
+19
🇨🇿 Bohemians · Czechia
891
-18
🇨🇿 Spanish · Czechia
891
-18
Bubbly_Bee
1:45 Loom
10:57 Feudal Age
11:41 Double-Bit Axe
11:41 Horse Collar
v.sla13
11:12 Feudal Age
16:24 Castle Age
ek55
4:45 Loom
10:50 Feudal Age
11:57 Double-Bit Axe
12:23 Man-at-Arms
13:11 Horse Collar
Bibzi
0:27 Loom
10:05 Feudal Age
10:44 Double-Bit Axe
13:47 Fletching
14:31 Padded Archer Armor
Connection lost

Rejoining the realm…

Still unreachable

The connection could not be restored.

Session expired

The server has moved on; the page needs a fresh start.